 Dungeon Crawl Stone Soup version 0.29.1-15-g9cfb28693d (webtiles) character file.

Game seed: 6390962184728892941

570 H0rd4k the Insei (level 7, -8/47 HPs)
             Began as an Octopode Artificer on Mar 13, 2023.
             Killed from afar by a steam dragon (26 damage)
             ... with a ball of steam
             ... on level 6 of the Dungeon on Mar 14, 2023.
             The game lasted 00:04:31 (4858 turns).

H0rd4k the Insei (Octopode Artificer)               Turns: 4858, Time: 00:04:32

Health: -8/47      AC:  1    Str: 11    XL:     7   Next: 34%
Magic:  11/11      EV: 13    Int: 15    God:
Gold:   175        SH:  0    Dex: 13    Spells: 12/12 levels left

rFire   . . .      SeeInvis +     - Unarmed
rCold   . . .      Faith    .   (no shield)
rNeg    . . .      Spirit   .   (helmet restricted)
rPois   .          Reflect  .   (no amulet)
rElec   .          Harm     .   r - ring of resist corrosion
rCorr   +          Rampage  .   e - ring of see invisible
Will    .....                   (no ring)
Stlth   +++.......              (no ring)
HPRegen 0.15/turn               (no ring)
MPRegen 0.12/turn               (no ring)
                                (no ring)
                                (no ring)

@: no status effects
A: almost no armour, amphibious, 8 rings, camouflage 1, gelatinous body 1,
(nimble swimmer 1), tentacles
a: no special abilities


You were on level 6 of the Dungeon.
You visited 1 branch of the dungeon, and saw 6 of its levels.

You collected 175 gold pieces.

Inventory:

Missiles
 j - 6 poisoned darts
 x - 2 throwing nets
Armour
 f - an orb of wrath
Jewellery
 e - a ring of see invisible (right tentacle)
 r - a ring of resist corrosion (left tentacle)
Wands
 b - a wand of flame (11) (quivered)
 c - a wand of charming (3)
 d - a wand of iceblast (2)
 u - a wand of acid (11)
Scrolls
 h - 4 scrolls of identify
 n - a scroll of enchant armour {unknown}
 o - 4 scrolls of noise {unknown}
 s - 2 scrolls of amnesia
 v - a scroll of enchant weapon {unknown}
 w - a scroll of immolation
 y - a scroll of torment {unknown}
Potions
 a - a potion of degeneration {unknown}
 g - a potion of flight {unknown}
 i - 2 potions of mutation
 k - 3 potions of might {unknown}
 l - 2 potions of attraction {unknown}
 m - a potion of curing {unknown}
 p - 4 potions of haste {unknown}
 q - a potion of lignification {unknown}
 t - a potion of berserk rage {unknown}
 z - a potion of heal wounds {unknown}


   Skills:
 * Level 3.8 Fighting
 - Level 2.3 Dodging
 - Level 1.3 Stealth
 + Level 5.2 Unarmed Combat
 * Level 3.1 Spellcasting
 - Level 3.2 Evocations


You had 12 spell levels left.
You didn't know any spells.
Your spell library contained the following spells:

 Spells                   Type           Power      Damage    Failure   Level
 Foxfire                  Conj/Fire      8%         2x1d4     21%         1
 Conjure Flame            Conj/Fire      2%         6-21      52%         3
 Inner Flame              Hex/Fire       2%         N/A       52%         3
 Flame Wave               Conj/Fire      2%         2d4       89%         4


Dungeon Overview and Level Annotations

Branches:
Dungeon (6/15)
 Temple: D:4-7

Altars:
Fedhas
Vehumet

Annotations:
D:3 Robin
D:4 exclusion: ogre, Duvessa


Innate Abilities, Weirdness & Mutations

You cannot wear most types of armour.
You are amphibious.
You can wear up to eight rings at the same time.
Your skin changes colour to match your surroundings (Stealth+).
Your rubbery body absorbs attacks. (AC +1, EV +1)
((You are camouflaged when in or above water. (Stealth+)))
You have tentacles for arms and can constrict up to eight enemies at once.


Message History

The orc warrior is moderately wounded.
You constrict the orc warrior, but do no damage.
The orc warrior hits you with a +0 hand axe.
Aiming: Charm
Press: ? - help, Shift-Dir - straight line, f/p - orc warrior
Aim: an orc warrior, wielding a +0 hand axe and wearing a +0 plate armour (moderately wounded, constricted by you, chance to affect: 57%)
The orc warrior is charmed.
You release your grip on your orc warrior.
Unknown command.
What are your orders? t - Shout!
Orders for allies: a - Attack new target. p - Attack previous target. r - Retreat! s - Stop attacking. g - Guard the area. f - Follow me.
Anything else - Cancel.
Guard this area!
An orc comes into view. It is wielding a +0 flail.
Something hits your orc warrior but does no damage.
Your orc warrior barely misses something.
You see here 10 gold pieces.
What are your orders? t - Shout!
Orders for allies: a - Attack new target. p - Attack previous target. r - Retreat! s - Stop attacking. g - Guard the area. f - Follow me.
Anything else - Cancel.
Guard this area!
Something hits your orc warrior.
Your orc warrior barely misses something.
A steam dragon comes into view.
You feel a bit more experienced.
Things that are here:
a +0 flail of draining; a +0 flail; a +0 whip
Items here: )) [ †.
You feel a bit more experienced. The steam dragon breathes steam at you.
The ball of steam hits the orc!
The orc dies!
The ball of steam hits you!!
Ouch! That really hurt!
You die...

..........#$#
............# #
.....##.#..##o#
... #D##$...# .
#)####D.#
#)#####....
#§#<..#....#
#§###.# #>.#
#@###.# ###
#.....# #######


There were no monsters in sight!

Vanquished Creatures
  A gnoll sergeant (D:6)
  A jelly (D:5)
  2 hounds
  Jessica (D:2)
  3 adders
  A gnoll (D:6)
  A shadow imp (D:5)
  A white imp (D:5)
  2 ufetubi (D:4)
  5 dart slugs
  5 orcs (D:4)
  8 bats
  3 endoplasms
  11 giant cockroaches
  6 hobgoblins
  2 kobolds
  6 quokkas
  5 ball pythons
  6 frilled lizards
  6 goblins
  5 rats
81 creatures vanquished.

Vanquished Creatures (collateral kills)
  2 black bears (D:5)
  Dowan (D:5)
  2 adders (D:5)
  2 gnolls (D:6)
  A shadow imp (D:5)
  2 orcs (D:6)
10 creatures vanquished.

Vanquished Creatures (others)
  A gnoll (D:6)
  An orc (D:6)
  A goblin (D:4)
3 creatures vanquished.

Grand Total: 94 creatures vanquished

Notes
Turn   | Place    | Note
-------+----------+-------------------------------------------
     0 | D:1      | H0rd4k the Octopode Artificer began the quest for the Orb.
     0 | D:1      | Reached XP level 1. HP: 13/13 MP: 1/1
   270 | D:1      | Reached skill level 1 in Spellcasting
   270 | D:1      | Reached XP level 2. HP: 18/18 MP: 3/3
  1121 | D:2      | Reached XP level 3. HP: 24/24 MP: 5/5
  1290 | D:2      | Reached skill level 1 in Unarmed Combat
  1718 | D:2      | Reached XP level 4. HP: 15/29 MP: 6/6
  1926 | D:2      | Reached skill level 2 in Unarmed Combat
  2285 | D:2      | Noticed Jessica
  2296 | D:2      | Killed Jessica
  2297 | D:2      | Reached XP level 5. HP: 22/35 MP: 8/8
  2491 | D:3      | Found a blossoming altar of Fedhas.
  2761 | D:3      | Found a radiant altar of Vehumet.
  2822 | D:3      | Noticed Robin
  3086 | D:4      | Noticed an ogre
  3560 | D:4      | Reached skill level 3 in Unarmed Combat
  3885 | D:5      | Entered Level 5 of the Dungeon
  3907 | D:5      | Noticed a black bear
  4285 | D:5      | Noticed Dowan
  4285 | D:5      | Noticed Duvessa
  4312 | D:5      | Killed a black bear
  4313 | D:5      | Reached XP level 6. HP: 35/42 MP: 9/9
  4399 | D:5      | Killed Dowan
  4400 | D:5      | Reached skill level 4 in Unarmed Combat
  4404 | D:5      | Noticed a black bear
  4421 | D:5      | Killed a black bear
  4486 | D:5      | Reached XP level 7. HP: 46/46 MP: 11/11
  4823 | D:6      | Reached skill level 5 in Unarmed Combat
  4850 | D:6      | Noticed a steam dragon
  4858 | D:6      | Killed from afar by a steam dragon

Illustrated notes

Levels and vault maps discovered:
D:1:      dpeg_arrival_fog, layout_basic
D:2:      minmay_roachtagon, layout_basic, uniq_jessica
D:3:      layout_basic, vehumet_crystals, mainiacjoe_overflow_cross_hatched,
          general_overflow_altar, uniq_robin
D:4:      layout_basic
D:5:      layout_rooms, uniq_duvessa
D:6:      layout_basic, uniq_blork_the_orc

Skill      XL: |  1  2  3  4  5  6  7 |
---------------+----------------------+-----
Spellcasting   | 1 2 3 |  3.1
Unarmed Combat | 1 2 3 4 5 |  5.2
Fighting       | 2 3 |  3.8
Dodging        | |  2.3
Stealth        | |  1.3
Evocations     | |  3.2

Action                   |  1- 3 |  4- 6 |  7- 9 || total
-------------------------+-------+-------+-------++-------
Melee: Unarmed           |    76 |   109 |     7 ||   192
       Constrict         |    24 |    33 |     2 ||    59
       Tentacles         |    15 |    30 |     2 ||    47
       Punch             |     2 |     2 |       ||     4
Evoke: Wand              |       |    11 |     8 ||    19
  Use: Scroll            |       |     5 |       ||     5
 Stab: Sleeping          |     9 |    14 |       ||    23
Armor: Skin              |    11 |     5 |       ||    16
Dodge: Dodged            |    48 |    61 |     1 ||   110
